ESL (28 & UNDER)
RIO GRANDE RATTLESNAKE @ PENQUANNOCK OVERRATED JETER
09/10/2025
 
TOP OF THE 1ST
Rio Grande Rattlesnake batting - Pitching for Penquannock Overrated Jeter : RHP Joaquín Rojas
Pitching: RHP Joaquín Rojas
Batting: RHB Javier Rentería 0-0: Ball
1-0: Ball
2-0: Ball
3-0: Base on Balls
Batting: RHB Luis Sánchez 0-0: Called Strike
Javier Rentería is caught stealing 2nd base
0-1: Ball
1-1: Ball
2-1: Foul Ball, location: 2F
2-2: Ball
3-2: DOUBLE (Line Drive, 7LS)
Batting: LHB Luis Villa 0-0: Ball
Throwing error on steal attempt, E2
Luis Sánchez scores
1-0: Ball
2-0: Ball
3-0: Called Strike
3-1: Base on Balls
Batting: SHB Douglas Taylor 0-0: Ball
1-0: Called Strike
1-1: Ball
2-1: Foul Ball, location: 2F
2-2: Strikes out swinging
Luis Villa is caught stealing 2nd base
Batter strikes out.
Top of the 1st over - 1 run(s), 1 hit(s), 1 error(s), 0 left on base; Rio Grande 1 - Penquannock 0
BOTTOM OF THE 1ST
Penquannock Overrated Jeter batting - Pitching for Rio Grande Rattlesnake : RHP Walt Burton
Pitching: RHP Walt Burton
Batting: LHB Bill McJannett 0-0: Swinging Strike
0-1: Fly out, F8 (Flyball, 8LM)
Batting: SHB Caden Keith 0-0: Called Strike
0-1: Called Strike
0-2: Strikes out swinging
Batting: SHB Theron Harper 0-0: Ground out 4-3 (Groundball, 4)
Bottom of the 1st over - 0 run(s), 0 hit(s), 0 error(s), 0 left on base; Rio Grande 1 - Penquannock 0
TOP OF THE 2ND
Rio Grande Rattlesnake batting - Pitching for Penquannock Overrated Jeter : RHP Joaquín Rojas
Batting: SHB Carlos Reyes 0-0: Foul Ball, location: 2F
0-1: Ball
1-1: Called Strike
1-2: SINGLE (Line Drive, 34)
Batting: SHB Giancarlo Giannini 0-0: Ball
1-0: Foul Ball, location: 2F
1-1: Ball
2-1: Called Strike
2-2: Strikes out looking
Batting: RHB Christian Hudson 0-0: Ball
1-0: Foul Ball, location: 2F
1-1: 2-RUN HOME RUN (Flyball, 7D), Distance : 387 ft
Batting: RHB Luis Ibarra 0-0: Called Strike
0-1: Ball
1-1: Ball
2-1: Fly out, F4 (Popup, 4MD)
Batting: RHB Maresuke Yoshida 0-0: Called Strike
0-1: Ball
1-1: Ground out 6-3 (Groundball, 6M)
Top of the 2nd over - 2 run(s), 2 hit(s), 0 error(s), 0 left on base; Rio Grande 3 - Penquannock 0
BOTTOM OF THE 2ND
Penquannock Overrated Jeter batting - Pitching for Rio Grande Rattlesnake : RHP Walt Burton
Batting: RHB Ignacio Flores 0-0: Ball
1-0: Called Strike
1-1: Ground out 6-3 (Groundball, 6M)
Batting: LHB Ron Robinson 0-0: Swinging Strike
0-1: Called Strike
0-2: Strikes out swinging
Batting: LHB Todd Barnes 0-0: Ball
1-0: Called Strike
1-1: Ball
2-1: Foul Ball, location: 2F
2-2: Strikes out swinging
Bottom of the 2nd over - 0 run(s), 0 hit(s), 0 error(s), 0 left on base; Rio Grande 3 - Penquannock 0
TOP OF THE 3RD
Rio Grande Rattlesnake batting - Pitching for Penquannock Overrated Jeter : RHP Joaquín Rojas
Batting: RHB Javier Rentería 0-0: Ball
1-0: Swinging Strike
1-1: Ball
2-1: Called Strike
2-2: Ball
3-2: Foul Ball, location: 2F
3-2: Foul Ball, location: 2F
3-2: Base on Balls
Batting: RHB Luis Sánchez 0-0: Called Strike
0-1: Called Strike
0-2: Ball
1-2: Foul Ball, location: 2F
1-2: Ball
2-2: Grounds into double play, 5-4-3 (Groundball, 5)
Batting: LHB Luis Villa 0-0: Ball
1-0: Ball
2-0: Ball
3-0: Base on Balls
Batting: SHB Douglas Taylor 0-0: Ball
Luis Villa is caught stealing 2nd base
Top of the 3rd over - 0 run(s), 0 hit(s), 0 error(s), 0 left on base; Rio Grande 3 - Penquannock 0
BOTTOM OF THE 3RD
Penquannock Overrated Jeter batting - Pitching for Rio Grande Rattlesnake : RHP Walt Burton
Batting: RHB Bernardo Enríquez 0-0: Ball
1-0: Called Strike
1-1: Foul Ball, location: 2F
1-2: Fly out, F4 (Popup, 34D)
Batting: RHB Arturo Rodríguez 0-0: Ball
1-0: Called Strike
1-1: Foul Ball, location: 2F
1-2: Strikes out swinging
Batting: SHB Francisco Ávila 0-0: Ball
1-0: SOLO HOME RUN (Line Drive, 9D), Distance : 363 ft
Batting: LHB Bill McJannett 0-0: Called Strike
0-1: Swinging Strike
0-2: Ball
1-2: Ball
2-2: SINGLE (Groundball, 4MD)
Batting: SHB Caden Keith 0-0: Ball
1-0: Ball
2-0: Called Strike
2-1: Foul Ball, location: 2F
2-2: Strikes out swinging
Bottom of the 3rd over - 1 run(s), 2 hit(s), 0 error(s), 1 left on base; Rio Grande 3 - Penquannock 1
TOP OF THE 4TH
Rio Grande Rattlesnake batting - Pitching for Penquannock Overrated Jeter : RHP Joaquín Rojas
Batting: SHB Douglas Taylor 0-0: Swinging Strike
0-1: Swinging Strike
0-2: Ball
1-2: Ball
2-2: SINGLE (Line Drive, 4D)
Batting: SHB Carlos Reyes 0-0: Ball
Douglas Taylor is caught stealing 2nd base
1-0: Ball
2-0: Ball
3-0: Called Strike
3-1: Swinging Strike
3-2: Strikes out swinging
Batting: SHB Giancarlo Giannini 0-0: Foul Ball, location: 2F
0-1: Foul Ball, location: 2F
0-2: Ball
1-2: Hit by Pitch
Pitching: RHP Dave Nelson
Batting: RHB Christian Hudson 0-0: Called Strike
0-1: Foul Ball, location: 2F
0-2: Foul Ball, location: 2F
0-2: Ball
1-2: Foul Ball, location: 2F
1-2: SINGLE (Groundball, 6M)
Giancarlo Giannini to second
Runner from 2nd tries for 3rd, SAFE, no throw or cutoff
Batting: RHB Luis Ibarra 0-0: Ball
1-0: Fly out, F9 (Flyball, 89D)
Top of the 4th over - 0 run(s), 2 hit(s), 0 error(s), 2 left on base; Rio Grande 3 - Penquannock 1
BOTTOM OF THE 4TH
Penquannock Overrated Jeter batting - Pitching for Rio Grande Rattlesnake : RHP Walt Burton
Batting: SHB Theron Harper 0-0: Ground out 1-3 (Groundball, 15)
Batting: RHB Ignacio Flores 0-0: Ball
1-0: Called Strike
1-1: Ball
2-1: Ball
3-1: Ground out 6-3 (Groundball, 6)
Batting: LHB Ron Robinson 0-0: Called Strike
0-1: Ball
1-1: Ball
2-1: DOUBLE (Line Drive, 8RD)
Batting: LHB Todd Barnes 0-0: Called Strike
0-1: Foul Ball, location: 2F
0-2: Ball
1-2: Strikes out swinging
Bottom of the 4th over - 0 run(s), 1 hit(s), 0 error(s), 1 left on base; Rio Grande 3 - Penquannock 1
TOP OF THE 5TH
Rio Grande Rattlesnake batting - Pitching for Penquannock Overrated Jeter : RHP Dave Nelson
Batting: RHB Maresuke Yoshida 0-0: Ball
1-0: Fly out, F9 (Flyball, 9M)
Batting: RHB Javier Rentería 0-0: Foul Ball, location: 2F
0-1: Foul Ball, location: 2F
0-2: Foul Ball, location: 2F
0-2: Ball
1-2: Foul Ball, location: 2F
1-2: Ball
2-2: Ground out 6-3 (Groundball, 6)
Batting: RHB Luis Sánchez 0-0: Foul Ball, location: 2F
0-1: Foul Ball, location: 2F
0-2: Ball
1-2: Ball
2-2: Fly out, F7 (Flyball, 7M)
Top of the 5th over - 0 run(s), 0 hit(s), 0 error(s), 0 left on base; Rio Grande 3 - Penquannock 1
BOTTOM OF THE 5TH
Penquannock Overrated Jeter batting - Pitching for Rio Grande Rattlesnake : RHP Walt Burton
Batting: RHB Bernardo Enríquez 0-0: Fly out, F7 (Line Drive, 7LD)
Batting: RHB Arturo Rodríguez 0-0: SINGLE (Line Drive, 8LS)
Batting: SHB Francisco Ávila 0-0: Called Strike
0-1: Ball
1-1: Ball
2-1: Foul Ball, location: 2F
2-2: Strikes out looking
Batting: LHB Bill McJannett 0-0: Swinging Strike
0-1: Swinging Strike
0-2: Foul Ball, location: 2F
0-2: Strikes out swinging
Bottom of the 5th over - 0 run(s), 1 hit(s), 0 error(s), 1 left on base; Rio Grande 3 - Penquannock 1
TOP OF THE 6TH
Rio Grande Rattlesnake batting - Pitching for Penquannock Overrated Jeter : RHP Dave Nelson
Batting: LHB Luis Villa 0-0: Ball
1-0: Ball
2-0: Swinging Strike
2-1: Ball
3-1: Foul Ball, location: 2F
3-2: Base on Balls
Batting: SHB Douglas Taylor 0-0: Called Strike
0-1: Ball
1-1: Ball
Luis Villa steals 2nd base
2-1: Ball
3-1: SINGLE (Flyball, 7S)
Luis Villa to third
Runner from 3rd tries for Home, throw and OUT!
Douglas Taylor to second
Batting: SHB Carlos Reyes 0-0: Intentional Walk
Batting: SHB Giancarlo Giannini 0-0: Ball
Douglas Taylor steals 3rd base
Carlos Reyes to second
1-0: Swinging Strike
1-1: Ball
2-1: Ball
3-1: Base on Balls
Pitching: RHP Santiago González
Batting: RHB Christian Hudson 0-0: Called Strike
0-1: Fly out, F8 (Flyball, 8RM)
Runner from 3rd tags up, SCORES, no throw
Batting: RHB Luis Ibarra 0-0: Called Strike
0-1: Ball
1-1: Swinging Strike
1-2: Strikes out swinging
Top of the 6th over - 1 run(s), 1 hit(s), 0 error(s), 2 left on base; Rio Grande 4 - Penquannock 1
BOTTOM OF THE 6TH
Penquannock Overrated Jeter batting - Pitching for Rio Grande Rattlesnake : RHP Walt Burton
Batting: SHB Caden Keith 0-0: Swinging Strike
0-1: Ball
1-1: Foul Ball, location: 2F
1-2: Fly out, F7 (Flyball, 7M)
Batting: SHB Theron Harper 0-0: Called Strike
0-1: Foul Ball, location: 2F
0-2: Foul Ball, location: 2F
0-2: Ball
1-2: Ball
2-2: Foul Ball, location: 2F
2-2: Strikes out swinging
Batting: RHB Ignacio Flores 0-0: Ball
1-0: Called Strike
1-1: Called Strike
1-2: Foul Ball, location: 2F
1-2: Foul Ball, location: 2F
1-2: SINGLE (Groundball, 6M)
Batting: LHB Ron Robinson 0-0: Called Strike
0-1: Ball
1-1: Swinging Strike
1-2: Foul Ball, location: 2F
1-2: Fly out, F7 (Flyball, 78M)
Bottom of the 6th over - 0 run(s), 1 hit(s), 0 error(s), 1 left on base; Rio Grande 4 - Penquannock 1
TOP OF THE 7TH
Rio Grande Rattlesnake batting - Pitching for Penquannock Overrated Jeter : RHP Santiago González
Batting: RHB Maresuke Yoshida 0-0: Called Strike
0-1: Swinging Strike
0-2: Foul Ball, location: 2F
0-2: Strikes out swinging
Batting: RHB Javier Rentería 0-0: Called Strike
0-1: Ball
1-1: Ground out 6-3 (Groundball, 6)
Batting: RHB Luis Sánchez 0-0: Swinging Strike
0-1: Ball
1-1: Ball
2-1: Ball
3-1: Base on Balls
Batting: LHB Luis Villa 0-0: Ball
1-0: Called Strike
1-1: Swinging Strike
1-2: Strikes out swinging
Top of the 7th over - 0 run(s), 0 hit(s), 0 error(s), 1 left on base; Rio Grande 4 - Penquannock 1
BOTTOM OF THE 7TH
Penquannock Overrated Jeter batting - Pitching for Rio Grande Rattlesnake : RHP Walt Burton
Batting: LHB Todd Barnes 0-0: Swinging Strike
0-1: Fly out, F7 (Line Drive, 7M)
Batting: RHB Bernardo Enríquez 0-0: Ball
1-0: Called Strike
1-1: Ball
2-1: Called Strike
2-2: Foul Ball, location: 2F
2-2: Foul Ball, location: 2F
2-2: Foul Ball, location: 2F
2-2: Ball
3-2: Base on Balls
Pitching: RHP Myron Burgess
Batting: RHB Arturo Rodríguez 0-0: Swinging Strike
0-1: Called Strike
0-2: Ball
1-2: Ball
2-2: Foul Ball, location: 2F
2-2: Ball
3-2: Foul Ball, location: 2F
3-2: Strikes out swinging
Batting: SHB Francisco Ávila 0-0: Called Strike
0-1: Swinging Strike
0-2: Foul Ball, location: 2F
0-2: Ball
1-2: Ball
2-2: Ball
3-2: Strikes out swinging
Bottom of the 7th over - 0 run(s), 0 hit(s), 0 error(s), 1 left on base; Rio Grande 4 - Penquannock 1
TOP OF THE 8TH
Rio Grande Rattlesnake batting - Pitching for Penquannock Overrated Jeter : RHP Santiago González
Batting: SHB Douglas Taylor 0-0: Ball
1-0: Swinging Strike
1-1: Swinging Strike
1-2: Strikes out swinging
Batting: SHB Carlos Reyes 0-0: Ball
1-0: Foul Ball, location: 2F
1-1: Foul Ball, location: 2F
1-2: Foul Ball, location: 2F
1-2: Ball
2-2: Strikes out swinging
Batting: SHB Giancarlo Giannini 0-0: Called Strike
0-1: Ball
1-1: Ball
2-1: Swinging Strike
2-2: Ball
3-2: Foul Ball, location: 2F
3-2: Foul Ball, location: 2F
3-2: Base on Balls
Batting: RHB Christian Hudson 0-0: Ball
1-0: Foul Ball, location: 2F
1-1: Called Strike
1-2: Ball
2-2: Foul Ball, location: 2F
2-2: Strikes out swinging
Top of the 8th over - 0 run(s), 0 hit(s), 0 error(s), 1 left on base; Rio Grande 4 - Penquannock 1
BOTTOM OF THE 8TH
Penquannock Overrated Jeter batting - Pitching for Rio Grande Rattlesnake : RHP Myron Burgess
Batting: LHB Bill McJannett 0-0: Ball
1-0: SINGLE (Line Drive, 8RS)
Pitching: RHP Adrián Mora
Batting: SHB Caden Keith 0-0: Foul Ball, location: 2F
0-1: Ball
1-1: Foul Ball, location: 2F
1-2: Fly out, F9 (Flyball, 89S)
Batting: SHB Theron Harper 0-0: Called Strike
0-1: Swinging Strike
0-2: Ball
1-2: Foul Ball, location: 2F
1-2: Strikes out looking
Batting: RHB Ignacio Flores 0-0: Foul Ball, location: 2F
0-1: Ball
1-1: Called Strike
1-2: Ball
2-2: Strikes out looking
Bottom of the 8th over - 0 run(s), 1 hit(s), 0 error(s), 1 left on base; Rio Grande 4 - Penquannock 1
TOP OF THE 9TH
Rio Grande Rattlesnake batting - Pitching for Penquannock Overrated Jeter : RHP Santiago González
Pitching: RHP Richard Edwards
Batting: RHB Luis Ibarra 0-0: Ball
1-0: Ball
2-0: Ground out U3 (Groundball, 3S)
Batting: RHB Maresuke Yoshida 0-0: Swinging Strike
0-1: Called Strike
0-2: Strikes out swinging
Batting: RHB Javier Rentería 0-0: Ball
1-0: SINGLE (Line Drive, 7S)
Batting: RHB Luis Sánchez 0-0: Fly out, F2 (Popup, 2RF)
Top of the 9th over - 0 run(s), 1 hit(s), 0 error(s), 1 left on base; Rio Grande 4 - Penquannock 1
BOTTOM OF THE 9TH
Penquannock Overrated Jeter batting - Pitching for Rio Grande Rattlesnake : RHP Adrián Mora
Pitching: RHP Bryce Davis
Batting: LHB Ron Robinson 0-0: Hit by Pitch
Batting: LHB Todd Barnes 0-0: Ball
1-0: Swinging Strike
1-1: Ball
2-1: Swinging Strike
2-2: Foul Ball, location: 2F
2-2: Foul Ball, location: 2F
2-2: Strikes out swinging
Batting: RHB Bernardo Enríquez 0-0: Ball
1-0: Ball
2-0: Ball
3-0: Called Strike
3-1: Grounds out, U3 (Groundball, 3L)
Batting: RHB Arturo Rodríguez 0-0: Called Strike
0-1: Swinging Strike
0-2: Strikes out looking
Bottom of the 9th over - 0 run(s), 0 hit(s), 0 error(s), 1 left on base; Rio Grande 4 - Penquannock 1
This league is powered by Out of the Park Baseball, the baseball management simulation game for PC, Mac and Linux
Tuesday, August 2nd, 2016 - OOTP Baseball 16.8 Build 38